 Dungeon Sprint DCSS version 0.22-a0-358-g7563fe7 (webtiles) character file.

10101 emperorscorpion the Warrior (level 11, -2/116 HPs)
             Began as a Minotaur Hunter on Apr 18, 2018.
             Was a High Priest of Trog.
             Killed from afar by an ogre mage (30 damage)
             ... with a bolt of fire
             ... in the Dungeon (Sprint IX: "|||||||||||||||||||||||||||||").
             The game lasted 00:09:25 (1576 turns).

emperorscorpion the Warrior (Minotaur Hunter)       Turns: 1576, Time: 00:09:26

Health: -2/116     AC: 14    Str: 18    XL:     11   Next: 31%
Magic:  5/10       EV: 15    Int: 14    God:    Trog [*****.]
Gold:   1460       SH:  0    Dex: 13    Spells: 10/10 levels left

rFire    . . .     SeeInvis .   b - +1 hand crossbow
rCold    . . .     Gourm    .   (no shield)
rNeg     . . .     Faith    .   u - +1 scale mail
rPois    .         Spirit   .   G - +0 hat
rElec    .         Reflect  .   t - +0 cloak
rCorr    .         Harm     .   E - +0 pair of gloves
MR       .....     NoTele   +   (no boots)
Stlth    +.........             (no amulet)
HPRegen  0.29/turn              v - +3 ring of intelligence
MPRegen  0.12/turn              w - +3 ring of intelligence

@: no status effects
A: retaliatory headbutt, horns 2
a: Berserk, Trog's Hand, Brothers in Arms, Renounce Religion


You were in the Dungeon.
You worshipped Trog.
Trog was extremely pleased with you.
You were very hungry.

You visited 1 branch You collected 1460 gold pieces.

Inventory:

Hand Weapons
 a - a +3 antimagic halberd
 b - a +1 hand crossbow (weapon)
 l - a +0 short sword
 q - the +1 broad axe "Huank" {flame, rF- rC+ rN+ MR+}
   (You found it in the Dungeon)

   It has been specially enchanted to burn those struck by it, causing extra
   injury to most foes and up to half again as much damage against particularly
   susceptible opponents.
   Big, fiery blades are also staple armaments of hydra-hunters.
   It makes you vulnerable to fire.
   It protects you from cold.
   It protects you from negative energy.
   It affects your resistance to hostile enchantments.
 r - the +4 quarterstaff of Sememash {crush, MR+}
   (You found it in the Dungeon)

   It inflicts extra damage upon your enemies.
   It affects your resistance to hostile enchantments.
 s - a +0 dagger of venom
 C - a +6 great sword of holy wrath
 H - a +0 glaive
 I - a +2 scimitar of flaming
 K - a +5 quick blade
Missiles
 d - 148 bolts (quivered)
Armour
 c - a +0 leather armour
 t - a +0 cloak (worn)
 u - a +1 scale mail (worn)
 E - a +0 pair of gloves (worn)
 F - a +0 cloak
 G - a +0 hat (worn)
 J - a +0 troll leather armour
Magical Staves
 p - an uncursed staff of energy
Jewellery
 v - a +3 ring of intelligence (left hand)
 w - a +3 ring of intelligence (right hand)
Wands
 o - a wand of iceblast (9)
Scrolls
 k - 2 scrolls of blinking
 n - 4 scrolls of remove curse
 y - a scroll of identify
 z - a scroll of fear
 A - 4 scrolls of enchant armour
Potions
 e - 7 potions of curing
 g - 3 potions of heal wounds
 h - a potion of haste
 i - 4 potions of magic
 j - 2 potions of berserk rage
 m - a potion of invisibility
 x - a potion of agility
 D - 2 potions of flight
Comestibles
 f - 11 rations
 B - 4 chunks of flesh


   Skills:
 + Level 16.8 Fighting
 + Level 6.3(11.2) Short Blades
 + Level 15.1(15.5) Long Blades
 + Level 1.4 Polearms
 - Level 12.4 Crossbows
 + Level 15.0 Armour
 + Level 9.6 Dodging
 + Level 3.7 Stealth
 + Level 0.4 Evocations


You had 10 spell levels left.
You didn't know any spells.

Dungeon Overview and Level Annotations

Branches:
Dungeon (1/1)

Altars:
Cheibriados
Dithmenos
Elyvilon
Fedhas
Gozag
Hepliaklqana
Kikubaaqudgha
Makhleb
Nemelex Xobeh
Okawaru
Qazlal
Ru
Sif Muna
Trog
Uskayaw
Vehumet
Wu Jian
Xom
Yredelemnul
Zin
The Shining One
Beogh
Jiyva
Lugonu

Shops:
D !:(


Innate Abilities, Weirdness & Mutations

You reflexively headbutt those who attack you in melee.
You have a pair of horns on your head.


Message History

The ogre mage hits you but does no damage.
Firing (i - inventory)
d - 150 bolts (quivered)
Press: ? - help, Shift-Dir - straight line, f/p - ogre mage
Aim: an ogre mage, wielding a spear and wearing a robe (severely wounded, fast)
You shoot a bolt. The bolt hits the ogre mage.
The ogre mage is almost dead.
The ogre mage gestures wildly while chanting.
The ogre mage blinks!
The ogre mage barely misses you.
Firing (i - inventory)
d - 149 bolts (quivered)
Press: ? - help, Shift-Dir - straight line, f/p - ogre mage
Aim: an ogre mage, wielding a spear and wearing a robe (almost dead, fast)
You shoot a bolt. The bolt hits the ogre mage!
The ogre mage is moderately wounded.
The ogre mage closely misses you. x2
The ogre mage hits you but does no damage.
Your deep troll goes berserk!
You are feeling very hungry.
The ogre mage gestures at you while chanting.
The bolt of fire hits you!
You die...

_____________'.?.).[...').....)).
▓▓▓▓▓▓▓▓▓▓▓▓▓▓▓▓▓▓▓▓▓▓▓▓▓▓▓▓▓▓▓▓▓
.................................
▓▓▓▓▓▓▓▓▓▓▓▓▓▓▓▓▓▓▓▓▓▓▓▓▓▓▓▓▓▓▓▓▓
...'.†......††...†..†..)).'....[[
▓▓▓▓▓▓▓▓▓▓▓▓▓▓▓▓▓▓▓▓▓▓▓▓▓▓▓▓▓▓▓▓▓
.................................
▓▓▓▓▓▓▓▓▓▓▓▓▓▓▓▓▓▓▓▓▓▓▓▓▓▓▓▓▓▓▓▓▓
)....)......÷.)T@OOTT$∩(
▓▓▓▓▓▓▓▓▓▓▓▓▓▓▓▓▓▓▓▓▓▓▓▓


You could see 2 ogre magi, 2 deep trolls and a friendly deep troll (berserk).

Vanquished Creatures
  Gastronok (D)
  3 ogre magi (D)
  An oklob plant (D)
  An orc sorcerer (D)
  A komodo dragon (D)
  A rime drake (D)
  3 hippogriffs (D)
  4 water moccasins (D)
  4 porcupines (D)
  3 orc warriors (D)
  2 sky beasts (D)
  A phantom (D)
  An ogre (D)
  A centaur (D)
  A crocodile (D)
  2 bullfrogs (D)
  A hound (D)
  2 jellies (D)
  2 orc priests (D)
  3 worker ants (D)
  4 worms (D)
  7 orcs (D)
  A bat skeleton (D)
  A goblin (D)
  A hobgoblin (D)
  A kobold (D)
  A frilled lizard (D)
  A rat (D)
55 creatures vanquished.

Vanquished Creatures (collateral kills)
  2 deep trolls (D)
  An orc knight (D)
  2 lindwurms (D)
  An orc sorcerer (D)
  4 trolls (D)
  A wyvern (D)
  A basilisk (D)
  7 orc warriors (D)
  2 water moccasins (D)
  2 orc priests (D)
  3 worms (D)
  2 orcs (D)
28 creatures vanquished.

Grand Total: 83 creatures vanquished

Notes
Turn   | Place    | Note
-------+----------+-------------------------------------------
     0 | D        | emperorscorpion the Minotaur Hunter began the quest for the Orb.
     0 | D        | Reached XP level 1. HP: 18/18 MP: 0/0
    12 | D        | Reached skill level 5 in Crossbows
    27 | D        | Noticed a hound
    27 | D        | Noticed a jelly
    27 | D        | Noticed a jelly
    27 | D        | Noticed a worker ant
    34 | D        | Killed a hound
    34 | D        | Reached skill level 3 in Fighting
    34 | D        | Reached skill level 1 in Short Blades
    34 | D        | Reached XP level 2. HP: 16/26 MP: 1/1
    34 | D        | Reached XP level 3. HP: 18/31 MP: 2/2
    37 | D        | Reached skill level 1 in Armour
    41 | D        | Reached XP level 4. HP: 13/40 MP: 3/3
    42 | D        | Reached skill level 4 in Fighting
    42 | D        | Reached skill level 1 in Stealth
    50 | D        | Found a roughly hewn altar of Beogh.
    50 | D        | Found a snail-covered altar of Cheibriados.
    50 | D        | Found a shadowy altar of Dithmenos.
    50 | D        | Found a white marble altar of Elyvilon.
    50 | D        | Found a blossoming altar of Fedhas.
    50 | D        | Found an opulent altar of Gozag.
    51 | D        | Found a hazy altar of Hepliaklqana.
    52 | D        | Found a viscous altar of Jiyva.
    53 | D        | Found an ancient bone altar of Kikubaaqudgha.
    54 | D        | Found a corrupted altar of Lugonu.
    55 | D        | Found a burning altar of Makhleb.
    56 | D        | Found a sparkling altar of Nemelex Xobeh.
    57 | D        | Found an iron altar of Okawaru.
    58 | D        | Found a stormy altar of Qazlal.
    59 | D        | Found a sacrificial altar of Ru.
    60 | D        | Found a deep blue altar of Sif Muna.
    61 | D        | Found a bloodstained altar of Trog.
    62 | D        | Found a hide-covered altar of Uskayaw.
    63 | D        | Found a radiant altar of Vehumet.
    64 | D        | Found an ornate altar of the Wu Jian Council.
    65 | D        | Found a shimmering altar of Xom.
    66 | D        | Found a basalt altar of Yredelemnul.
    67 | D        | Found a glowing silver altar of Zin.
    68 | D        | Found a glowing golden altar of the Shining One.
    69 | D        | Became a worshipper of Trog the Wrathful
    87 | D        | Got the +1 broad axe "Huank" {flame, rF- rC+ rN+ MR+}
    87 | D        | Got the +4 quarterstaff of Sememash {crush, MR+}
   286 | D        | Noticed a centaur
   286 | D        | Noticed a phantom
   286 | D        | Noticed a hippogriff
   286 | D        | Noticed a sky beast
   290 | D        | Killed a centaur
   290 | D        | Reached skill level 5 in Fighting
   290 | D        | Reached skill level 1 in Long Blades
   290 | D        | Reached skill level 10 in Crossbows
   290 | D        | Reached XP level 5. HP: 45/48 MP: 4/4
   297 | D        | Killed a hippogriff
   297 | D        | Reached skill level 6 in Fighting
   297 | D        | Reached skill level 5 in Dodging
   297 | D        | Reached XP level 6. HP: 39/58 MP: 5/5
   301 | D        | Reached * piety under Trog
   304 | D        | Killed a sky beast
   304 | D        | Reached skill level 7 in Fighting
   304 | D        | Reached skill level 5 in Short Blades
   304 | D        | Reached skill level 5 in Armour
   315 | D        | Reached ** piety under Trog
   315 | D        | Reached skill level 5 in Long Blades
   315 | D        | Reached XP level 7. HP: 22/66 MP: 6/6
   508 | D        | Noticed a hippogriff
   515 | D        | Reached skill level 8 in Fighting
   524 | D        | Reached *** piety under Trog
   528 | D        | Killed a hippogriff
   528 | D        | Reached skill level 9 in Fighting
   528 | D        | Reached XP level 8. HP: 32/78 MP: 7/7
   719 | D        | Received a gift from Trog
   724 | D        | Reached **** piety under Trog
   726 | D        | Reached skill level 10 in Long Blades
   753 | D        | Received a gift from Trog
   756 | D        | Reached skill level 10 in Fighting
  1014 | D        | Noticed a rime drake
  1014 | D        | Noticed an oklob plant
  1014 | D        | Noticed a hippogriff
  1019 | D        | Reached XP level 9. HP: 78/86 MP: 8/8
  1024 | D        | Killed a rime drake
  1024 | D        | Received a gift from Trog
  1034 | D        | Killed an oklob plant
  1034 | D        | Reached skill level 11 in Fighting
  1034 | D        | Reached skill level 10 in Armour
  1041 | D        | Reached ***** piety under Trog
  1041 | D        | Received a gift from Trog
  1057 | D        | Noticed a komodo dragon
  1065 | D        | Killed a komodo dragon
  1065 | D        | Received a gift from Trog
  1201 | D        | Noticed a lindwurm
  1201 | D        | Noticed a lindwurm
  1207 | D        | Received a gift from Trog
  1216 | D        | Killed a lindwurm
  1216 | D        | Reached skill level 12 in Fighting
  1219 | D        | Killed a lindwurm
  1219 | D        | Reached XP level 10. HP: 24/99 MP: 9/9
  1230 | D        | Received a gift from Trog
  1291 | D        | Noticed Gastronok
  1304 | D        | Killed Gastronok
  1304 | D        | Received a gift from Trog
  1304 | D        | Reached skill level 13 in Fighting
  1392 | D        | Received a gift from Trog
  1397 | D        | Reached skill level 14 in Fighting
  1399 | D        | Noticed an orc sorcerer
  1407 | D        | Killed an orc sorcerer
  1407 | D        | Received a gift from Trog
  1433 | D        | Noticed an orc sorcerer
  1433 | D        | Noticed an orc knight
  1436 | D        | Received a gift from Trog
  1446 | D        | Killed an orc sorcerer
  1446 | D        | Received a gift from Trog
  1456 | D        | Killed an orc knight
  1457 | D        | Received a gift from Trog
  1492 | D        | Reached skill level 15 in Fighting
  1516 | D        | Found Orchojao's Distillery.
  1516 | D        | Noticed a deep troll
  1516 | D        | Noticed a deep troll
  1518 | D        | Noticed an ogre mage
  1531 | D        | Killed a deep troll
  1531 | D        | Received a gift from Trog
  1532 | D        | Killed a deep troll
  1532 | D        | Received a gift from Trog
  1532 | D        | Reached XP level 11. HP: 33/113 MP: 10/10
  1535 | D        | Reached skill level 15 in Long Blades
  1539 | D        | Killed an ogre mage
  1539 | D        | Reached skill level 16 in Fighting
  1540 | D        | Received a gift from Trog
  1545 | D        | Found Ledustruc's Book Shoppe.
  1550 | D        | Found Citsisas's Weapon Emporium.
  1552 | D        | Noticed an ogre mage
  1556 | D        | Noticed an ogre mage
  1557 | D        | Noticed an ogre mage
  1564 | D        | Noticed a deep troll
  1564 | D        | Killed an ogre mage
  1564 | D        | Reached skill level 1 in Polearms
  1566 | D        | Noticed an ogre mage
  1567 | D        | Killed an ogre mage
  1567 | D        | Reached skill level 15 in Armour
  1573 | D        | Noticed a deep troll
  1576 | D        | Killed from afar by an ogre mage

Vault maps used:
D:        linesprint

Skill      XL: |  1  2  3  4  5  6  7  8  9 10 11 |
---------------+----------------------------------+-----
Crossbows      | 7 8 10 11 12 | 12.4
Fighting       | 3 5 6 7 9 10 12 15 16 | 16.8
Short Blades   | 1 2 3 4 5 6 |  6.3
Dodging        | 3 4 5 6 7 9 |  9.6
Armour         | 2 4 5 7 9 11 14 15 | 15.0
Stealth        | 1 2 3 |  3.7
Long Blades    | 1 3 5 8 11 13 14 15 | 15.1
Polearms       | 1 |  1.4
Evocations     | |  0.4

Action                   |  1- 3 |  4- 6 |  7- 9 | 10-12 || total
-------------------------+-------+-------+-------+-------++-------
Melee: Short sword       |    12 |       |       |       ||    12
       Dagger            |    10 |     3 |       |       ||    13
       Headbutt          |     2 |     4 |     4 |       ||    10
       Scimitar          |       |    20 |    19 |       ||    39
       Halberd           |       |       |       |     1 ||     1
 Fire: Hand crossbow     |       |       |    64 |    96 ||   160
Invok: Berserk           |       |     1 |     2 |       ||     3
       Trog's Hand       |       |       |     2 |     5 ||     7
       Brothers in Arms  |       |       |     2 |     4 ||     6
Evoke: Wand              |       |     1 |       |       ||     1
  Use: Potion            |     1 |     1 |     1 |       ||     3
  Eat: Ration            |       |       |     1 |       ||     1
       Chunk             |       |       |     1 |     4 ||     5
Armor: Leather armour    |     4 |     1 |       |       ||     5
       Scale mail        |       |    12 |    16 |    26 ||    54
Dodge: Dodged            |     9 |    20 |    32 |    34 ||    95
       Rpst.: Scimitar   |       |     2 |     4 |       ||     6

Table legend:
 A = Spawn XP
 B = Non-spawn XP
 C = Spawn XP percentage of total XP
 D = Spawn monster count
 E = Non-spawn monster count
 F = Spawn count percentage of total count
 G = Total turns spent on level
                    A         B        C        D         E        F      G
               +---------+---------+-------+---------+---------+-------+---------
         Total |       0 |   14431 |   0.0 |       0 |      83 |   0.0 |  1576
               +---------+---------+-------+---------+---------+-------+---------
             D |       0 |   14431 |   0.0 |       0 |      83 |   0.0 |  1576
               +---------+---------+-------+---------+---------+-------+---------
